 Dungeon Crawl Stone Soup version 0.32-a0-450-g080537f31e (webtiles) character file.

Game seed: 1848000101569410727

39 retardedninja the Shield-Bearer (level 3, 0/33 HPs)
             Began as a Mountain Dwarf Fighter on Feb 23, 2024.
             Slain by a goblin
             ... wielding a +0 dagger
             ... led by Robin
              (1 damage)
             ... on level 2 of the Dungeon.
             The game lasted 00:01:46 (854 turns).

retardedninja the Shield-Bearer (MDFi)               Turns: 854, Time: 00:01:47

Health: 0/33       AC:  7    Str: 19 (20) XL:     3   Next: 26%
Magic:  3/3        EV:  9    Int:  5 (8)  God:
Gold:   115        SH:  4    Dex:  6 (9)  Spells: 2/2 levels left

rFire   . . .        a - +0 war axe
rCold   . . .        c - +0 buckler
rNeg    . . .        b - +0 scale mail
rPois   .            (no helmet)
rElec   .            (no cloak)
rCorr   .            (no gloves)
SInv    .            (no boots)
Will    .....        (no amulet) Stlth
                     (no ring)
HPRegen 0.25/turn    (no ring)
MPRegen 0.08/turn

%: no passive effects
@: mighty, slowed, very slow
A: runic magic, artefact enchanting
a: no special abilities


You were on level 2 of the Dungeon.
You visited 1 branch of the dungeon, and saw 2 of its levels.

You collected 115 gold pieces.

Inventory:

Hand Weapons
 a - a +0 war axe (weapon)
Missiles
 g - 5 silver javelins (quivered)
Armour
 b - a +0 scale mail (worn)
 c - a +0 buckler (worn)
Scrolls
 f - a scroll of summoning {unknown}
 i - a scroll of revelation {unknown}
 l - a scroll of teleportation {unknown}
Potions
 e - a potion of curing {unknown}
 k - a potion of attraction {unknown}


   Skills:
 + Level 3.7 Fighting
 + Level 3.1 Axes
 + Level 3.7 Armour
 + Level 3.7 Shields


You had 2 spell levels left.
You didn't know any spells.
Your spell library contained the following spells:

 Spells                   Type           Power      Damage    Failure   Level
 Call Canine Familiar     Summ           0%         N/A       95%         3
 Sigil of Binding         Hex            0%         N/A       95%         3
 Dimensional Bullseye     Hex/Tloc       0%         N/A       100%        4


Dungeon Overview and Level Annotations

Branches:
Dungeon (2/15)

Altars:

Shops:
D:1 (

Annotations:
D:2 Natasha, Robin


Innate Abilities, Weirdness & Mutations

Your spellcasting is much less encumbered by armour.
You can use scrolls of enchantment on lesser artefacts.


Message History

You resist with some effort.
Robin roars a battlecry!
The goblins go into a battle-frenzy!
Robin's bangles clink loudly.
The gnoll hits you from afar with a +0 halberd!
* * * LOW HITPOINT WARNING * * *
Natasha claws you but does no damage.
It was a potion of degeneration.
There was something very wrong with that liquid.
You feel weakened.
You feel dopey.
You feel clumsy.
The hobgoblin no longer looks unusually strong.
The gnoll closely misses you. Natasha closely misses you.
It was a potion of heal wounds.
You feel much better. The gnoll hits you but does no damage.
Natasha closely misses you. Robin throws the goblin at you!
The gnoll hits you but does no damage.
Natasha mumbles some strange words.
The goblin hits you but does no damage.
You closely miss Natasha. You miss the goblin. The gnoll closely misses you.
The goblin barely misses you.
Natasha stares at you and mumbles some strange words.
You resist with some effort. You block the gnoll's attack.
You block the goblin's attack. Natasha claws you.
Robin roars a battlecry!
The goblin goes into a battle-frenzy!
You barely miss Natasha. You closely miss the goblin.
The gnoll hits you from afar with a +0 halberd!
The goblin hits you but does no damage. Natasha completely misses you.
The gnoll hits you from afar with a +0 halberd!
Natasha claws you but does no damage. You block the goblin's attack.
You barely miss Natasha. You hit the goblin.
You kill the goblin!
You block the gnoll's attack. You block Natasha's attack.
Robin throws the goblin at you! The goblin hits you with a +0 dagger.
* * * LOW HITPOINT WARNING * * *
The gnoll hits you from afar with a +0 halberd.
* * * LOW HITPOINT WARNING * * *
Natasha claws you.
* * * LOW HITPOINT WARNING * * *
The goblin hits you with a +0 dagger.
You die...

##.......##
#.........# #
####........#.##
...............+
..###..gg...#.#
#.ggg.....#
###g####### #h#
#@# #+# #g### #.#
#...##########.#
###.#........#.###
#.#.###........#
#.#.# #.##...<.#
#.#.###.##....)#
#.......##.#....
###.######.#....


You could see Robin, Natasha, 3 gnolls, a hobgoblin (strong) and 2 goblins.

Vanquished Creatures
  A gnoll (D:2)
  2 ball pythons (D:1)
  An endoplasm (D:1)
  A giant cockroach (D:1)
  2 hobgoblins
  2 kobolds
  A quokka (D:1)
  A bat (D:1)
  A frilled lizard (D:1)
  11 goblins
  5 rats (D:1)
28 creatures vanquished.

Notes
Turn   | Place    | Note
-------+----------+-------------------------------------------
     0 | D:1      | retardedninja the Mountain Dwarf Fighter began the quest
                  | for the Orb.
     0 | D:1      | Reached XP level 1. HP: 19/19 MP: 1/1
   207 | D:1      | Reached XP level 2. HP: 26/26 MP: 2/2
   240 | D:1      | Found Avoroazo's Antique Weapon Shop.
   831 | D:2      | Noticed Natasha
   833 | D:2      | Reached XP level 3. HP: 29/33 MP: 3/3
   833 | D:2      | Noticed Robin
   854 | D:2      | HP: 1/33 [Natasha (4)]
   854 | D:2      | Slain by a goblin

Illustrated notes

Levels and vault maps discovered:
D:1:      moated_graveyard_arrival, layout_basic, serial_shops, shop
D:2:      layout_loops_corners, serial_shops, nicolae_shop_gibbet_a_chance,
          uniq_natasha, uniq_robin

Skill      XL: |  1  2 |
---------------+-------+-----
Axes           | 3 |  3.1
Fighting       | |  3.7
Armour         | |  3.7
Shields        | |  3.7

Action                     || total
---------------------------++-------
  Melee: War axe           ||    78
    Use: Potion            ||     3
 Armour: Scale mail        ||    75
  Dodge: Dodged            ||    38
  Block: Buckler           ||    18

Table legend: (Time is in decaauts)
 A = Elapsed time spent in this place.
 B = Non-inter-level travel time spent in this place.
 C = Inter-level travel time spent in this place.
 D = Time resting spent in this place.
 E = Time spent auto-exploring this place.
 F = Levels seen in this place.
 G = Mean time per level.
                   A        B        C        D        E       F      G
               +--------+--------+--------+--------+--------+-----+--------+
         Total |    886 |    880 |      6 |      0 |    671 |   2 |  443.0 |
       Dungeon |    886 |    880 |      6 |      0 |    671 |   2 |  443.0 |
               +--------+--------+--------+--------+--------+-----+--------+

Top non-repeatable levels by time:
     D:1: 777 daAuts
     D:2: 109 daAuts
